 Dungeon Crawl Stone Soup version 0.32-a0-975-g85d4e5bfdb (webtiles) character file.

Game seed: 6497392380187451832

949 Autsider the Cutter (level 8, -13/63 HPs)
             Began as a Vine Stalker Berserker on Apr 18, 2024.
             Was a Priest of Trog.
             Killed from afar by an acid dragon (29 damage)
             ... with a splash of acid
             ... on level 5 of the Dungeon.
             The game lasted 00:08:18 (3074 turns).

Autsider the Cutter (Vine Stalker Berserker)        Turns: 3074, Time: 00:08:19

Health: -13/63     AC:  7    Str: 22    XL:     8   Next: 13%
Magic:  0/9        EV:  7    Int:  7    God:    Trog [***...]
Gold:   186        SH:  0    Dex: 14    Spells: 7/7 levels left

rFire   + + .        j - +6 mace "Zeseinig" {elec, rPois rF++}
rCold   . . .        (no shield)
rNeg    . . .        u - +0 plate armour
rPois   +            (no helmet)
rElec   .            v - scarf {+Inv}
rCorr   .            (no gloves)
SInv    .            (no boots)
Will    +++..        (no amulet) Stlth
                     (no ring)
HPRegen 2.10/turn    (no ring)
MPRegen 0.11/turn

%: guardian spirit
@: berserking, strong-willed, corroded, regenerating, very quick
A: fangs 3, regeneration 1, magic shield, antimagic bite, no potion heal 2
a: Renounce Religion, Evoke Invisibility, Berserk, Trog's Hand


You were on level 5 of the Dungeon.
You worshipped Trog.
Trog was most pleased with you.
You visited 1 branch of the dungeon, and saw 5 of its levels.

You collected 186 gold pieces.

Inventory:

Hand Weapons
 c - a +2 dagger of venom
 i - a +0 arbalest
 j - the +6 mace "Zeseinig" (weapon) {elec, rPois rF++}
   (You found it on level 2 of the Dungeon)

   rF++:      It greatly protects you from fire.
   rPois:     It protects you from poison.
Missiles
 o - 6 poisoned darts (quivered)
Armour
 h - a +0 ring mail
 u - a +0 plate armour (worn)
 v - a scarf of invisibility (worn)
Scrolls
 a - a scroll of fog {unknown}
 e - 7 scrolls of identify {unknown}
 f - 2 scrolls of noise {unknown}
 g - 2 scrolls of immolation {unknown}
 p - 2 scrolls of teleportation {unknown}
 q - a scroll of vulnerability {unknown}
 r - a scroll of enchant weapon {unknown}
 s - 2 scrolls of blinking {unknown}
 t - 2 scrolls of amnesia {unknown}
Potions
 b - a potion of invisibility {unknown}
 d - a potion of heal wounds {unknown}
 k - 2 potions of curing {unknown}
 l - a potion of enlightenment {unknown}
 m - 2 potions of might {unknown}
 n - a potion of brilliance {unknown}


   Skills:
 + Level 4.8 Fighting
 + Level 5.0 Short Blades
 + Level 4.0 Armour
 + Level 4.0 Dodging


You had 7 spell levels left.
You didn't know any spells.
Your spell library was empty.

Dungeon Overview and Level Annotations

Branches:
Dungeon (5/15)
 Temple: D:4-7

Altars:
Fedhas
Vehumet
Wu Jian

Annotations:
D:2 exclusion: 2 downstairs


Innate Abilities, Weirdness & Mutations

You have razor-sharp teeth.
Your natural rate of healing is unusually fast.
When hurt, damage is shared between your health and your magic reserves.
Your bite disrupts and absorbs the magic of your enemies.
Potions cannot restore your health.


Message History

You feel strong-willed.
The acid dragon bites you but does no damage.
The acid dragon claws you but does no damage.
The gnoll sergeant barely misses you.
A red film seems to cover your vision as you go berserk!
You feel yourself moving faster!
You feel mighty!
A quokka comes into view.
A sleepcap comes into view.
The acid dragon spits acid at you. The splash of acid hits you!
* * * LOW HITPOINT WARNING * * *
The acid corrodes you! The gnoll sergeant barely misses you.
The quokka moves out of view.
You completely miss the gnoll sergeant.
The gnoll sergeant is severely wounded.
You thump the gnoll sergeant!
You kill the gnoll sergeant!
Trog accepts your kill. The acid dragon bites you!
* * * LOW HITPOINT WARNING * * *
The acid dragon claws you but does no damage.
An adder comes into view.
Your Short Blades skill increases to level 5!
Your Armour skill increases to level 4!
Your Dodging skill increases to level 4!
You closely miss the acid dragon. Your bite misses the acid dragon.
The acid dragon bites you.
* * * LOW HITPOINT WARNING * * *
The acid dragon barely misses you.
You hit the acid dragon.
Lightning courses through the acid dragon!!
The acid dragon is severely wounded.
The acid dragon bites you!
* * * LOW HITPOINT WARNING * * *
The acid dragon claws you but does no damage.
The scorpion stings you but does no damage.
You barely miss the acid dragon. Your bite misses the acid dragon.
The acid dragon is severely wounded.
The acid dragon spits acid at you. The splash of acid hits you!!
You die...

#. #..# ########
#..# #.......
#.[# #.......
#..# ........
#.S. ........
#.s# ........
#Df# ........
#s@## ........
#...### #....###
#.....### ##...#
##.#....### #...#
#........###...##
###....#........#
#....####.....#
###### #.....#
#.....#


You could see an acid dragon (catching breath), a sleepcap, 2 scorpions and an
adder.

Vanquished Creatures
  Eustachio (D:4)
  A black bear (D:4)
  A phantom (D:5)
  A gnoll sergeant (D:5)
  A hound (D:5)
  A bombardier beetle (D:4)
  A jelly (D:4)
  3 orc priests
  A sleepcap (D:4)
  3 iguanas
  4 orc wizards
  8 adders
  6 ribbon worms
  3 dart slugs
  19 orcs
  12 ball pythons
  4 endoplasms
  2 giant cockroaches
  8 hobgoblins
  2 jackals (D:4)
  4 quokkas
  3 bats
  10 frilled lizards
  7 goblins
  10 kobolds
  4 rats
120 creatures vanquished.

Vanquished Creatures (others)
  A frilled lizard (D:4)
1 creature vanquished.

Grand Total: 121 creatures vanquished

Notes
Turn   | Place    | Note
-------+----------+-------------------------------------------
     0 | D:1      | Autsider the Vine Stalker Berserker began the quest for the
                  | Orb.
     0 | D:1      | Reached XP level 1. HP: 11/11 MP: 2/2
    98 | D:1      | Reached XP level 2. HP: 16/16 MP: 3/3
   475 | D:1      | Reached skill level 3 in Short Blades
   475 | D:1      | Reached XP level 3. HP: 14/20 MP: 4/4
   584 | D:1      | You fall into a shaft and drop 1 floor!
   848 | D:2      | Reached ** piety under Trog
   851 | D:2      | Identified the +6 mace "Zeseinig" {elec, rPois rF++}
  1254 | D:2      | Reached XP level 4. HP: 24/24 MP: 5/5
  1800 | D:2      | Reached XP level 5. HP: 15/28 MP: 1/6
  2091 | D:3      | Reached XP level 6. HP: 33/33 MP: 7/7
  2144 | D:3      | Reached *** piety under Trog
  2271 | D:4      | Found a blossoming altar of Fedhas.
  2276 | D:4      | Found a radiant altar of Vehumet.
  2283 | D:4      | Noticed Eustachio
  2308 | D:4      | Killed Eustachio
  2309 | D:4      | Reached skill level 4 in Short Blades
  2314 | D:4      | Reached XP level 7. HP: 19/37 MP: 2/8
  2677 | D:4      | Found an ornate altar of the Wu Jian Council.
  2889 | D:5      | Entered Level 5 of the Dungeon
  2998 | D:5      | Gained mutation: You have razor-sharp teeth. [Vine Stalker
                  | growth]
  2998 | D:5      | Reached XP level 8. HP: 42/42 MP: 9/9
  3072 | D:5      | Reached skill level 5 in Short Blades
  3074 | D:5      | Killed from afar by an acid dragon

Illustrated notes

Levels and vault maps discovered:
D:1:      ldierk_walled_garden, layout_basic
D:2:      layout_loops_corners, minmay_small_reverse_x
D:3:      layout_rooms
D:4:      layout_rooms, fedhas_altar_2, nicolae_wu_jian_glorious_leap,
          fiery_altar_vehumet, minmay_lizard_king, uniq_eustachio
D:5:      layout_gridville, minmay_manual_mandibuliform, uniq_pikel

Skill      XL: |  1  2  3  4  5  6  7  8 |
---------------+-------------------------+-----
Fighting       | 3 4 |  4.8
Short Blades   | 3 4 5 |  5.0
Armour         | 2 3 4 |  4.0
Dodging        | 2 3 4 |  4.0

Action                     |  1- 3 |  4- 6 |  7- 9 || total
---------------------------+-------+-------+-------++-------
  Melee: Short sword       |    12 |       |       ||    12
         Dagger            |    45 |       |       ||    45
         Bite              |    16 |     8 |    12 ||    36
         Mace              |    26 |   103 |    64 ||   193
 Invoke: Berserk           |       |     2 |     1 ||     3
         Trog's Hand       |       |     2 |     1 ||     3
   Stab: Sleeping          |     1 |       |       ||     1
 Armour: Animal skin       |    12 |       |       ||    12
         Ring mail         |    23 |    90 |    32 ||   145
         Plate armour      |       |       |    33 ||    33
  Dodge: Dodged            |    42 |    90 |    33 ||   165

Table legend: (Time is in decaauts)
 A = Elapsed time spent in this place.
 B = Non-inter-level travel time spent in this place.
 C = Inter-level travel time spent in this place.
 D = Time resting spent in this place.
 E = Time spent auto-exploring this place.
 F = Levels seen in this place.
 G = Mean time per level.
                   A        B        C        D        E       F      G
               +--------+--------+--------+--------+--------+-----+--------+
         Total |   3153 |   2929 |    224 |     46 |   2126 |   5 |  630.6 |
       Dungeon |   3153 |   2929 |    224 |     46 |   2126 |   5 |  630.6 |
               +--------+--------+--------+--------+--------+-----+--------+

Top non-repeatable levels by time:
     D:2: 1113 daAuts
     D:1: 739 daAuts
     D:4: 697 daAuts
     D:3: 412 daAuts
     D:5: 190 daAuts
